AoeStats
← imbaMudi-

African Clearing

506096137Analyzed
4v4 RM · 21d ago on Sep 12, 2026· 48m 56s· 8 players
Game mode
Random Map
Map size
Large (8 player)
Population
200
Speed
Normal
Resources
Standard
Victory
Conquest
Starting age
Dark Age
Ending age
Imperial Age
RankedLock teamsTeams togetherTeam positionsShared explorationLock speedFull tech treeHidden civsTurbo modeCheats
Victory
Defeat
🇦🇺 Mapuche · Australia
1150
+15
🇨🇳 Goths · China
1141
+15
🇪🇸 Romans · Spain
1123
+16
🇩🇪 Persians · Germany
1110
+17
🇹🇷 Italians · Türkiye
1208
-19
🇹🇷 Japanese · Türkiye
1185
-18
🇹🇷 Magyars · Türkiye
1185
-18
🇹🇷 Franks · Türkiye
933
-8
vargasibanezantonio
8:51 Loom
16:04 Feudal Age
20:33 Castle Age
18:33 Gold Mining
18:29 Double-Bit Axe
19:03 Scale Mail Armor
22:15 Bow Saw
22:45 Gold Shaft Mining
23:39 Chain Mail Armor
24:20 Man-at-Arms
24:53 Town Watch
25:37 Long Swordsman
29:34 Wheelbarrow
30:05 Town Patrol
29:59 Stone Mining
33:03 Forging
33:13 Squires
34:49 Horse Collar
35:46 Heavy Plow
38:21 Hand Cart
40:16 Iron Casting
50:15 Imperial Age
Demshredz
3:19 Loom
13:21 Feudal Age
14:57 Wheelbarrow
14:15 Double-Bit Axe
18:53 Castle Age
17:05 Horse Collar
19:21 Heavy Plow
19:32 Bow Saw
23:05 Bloodlines
25:17 Scale Barding Armor
28:58 Gold Mining
29:37 Forging
30:43 Chain Barding Armor
31:10 Husbandry
32:25 Iron Casting
35:52 Gold Shaft Mining
37:53 Imperial Age
35:40 Hand Cart
35:53 Stone Mining
37:43 Cavalier
39:02 Plate Barding Armor
39:30 Blast Furnace
40:06 Two-Man Saw
39:36 Conscription
40:06 Crop Rotation
40:29 Savar
44:58 Elite War Elephant
ufokinw0tm8
5:28 Loom
13:59 Feudal Age
18:45 Castle Age
16:38 Double-Bit Axe
16:54 Gold Mining
17:23 Fletching
19:38 Town Watch
28:18 Wheelbarrow
28:58 Champi Runner
33:13 Imperial Age
31:25 Forging
31:38 Bow Saw
31:11 Horse Collar
31:56 Champi Warrior
33:13 Scale Mail Armor
34:18 Elite Skirmisher
36:10 Hand Cart
36:25 Malon
36:46 Conscription
37:42 Bodkin Arrow
37:47 Padded Archer Armor
41:10 Leather Archer Armor
43:09 Ballistics
43:49 Chemistry
42:30 Treadmill Crane
43:09 Heavy Plow
43:45 Gold Shaft Mining
44:55 Elite Bolas Rider
45:56 Butalmapu
46:43 Town Patrol
48:22 Ring Archer Armor
juju9292
13:20 Feudal Age
11:42 Loom
15:11 Double-Bit Axe
18:05 Castle Age
15:56 Double-Bit Axe
16:12 Horse Collar
19:04 Bow Saw
18:51 Stone Mining
21:47 Town Watch
22:28 Gold Mining
24:48 Heavy Plow
26:02 Squires
26:21 Scale Mail Armor
27:11 Forging
27:46 Anarchy
28:26 Chain Mail Armor
29:19 Pikeman
35:39 Iron Casting
44:56 Fletching
51:23 Imperial Age
ErsanKuneri
4:44 Loom
13:49 Feudal Age
20:40 Castle Age
18:29 Double-Bit Axe
20:23 Stone Mining
30:14 Horse Collar
31:39 Bloodlines
31:30 Husbandry
35:08 Imperial Age
33:02 Scale Barding Armor
33:07 Corvinian Army
35:55 Chain Barding Armor
35:22 Cavalier
36:49 Gold Mining
38:58 Conscription
40:17 Elite Skirmisher
41:03 Thumb Ring
42:35 Plate Barding Armor
41:52 Fletching
42:02 Padded Archer Armor
44:49 Chemistry
44:19 Town Watch
45:01 Town Patrol
45:42 Ballistics
46:30 Leather Archer Armor
déodat
5:59 Loom
14:04 Feudal Age
18:46 Castle Age
24:00 Town Watch
24:55 Fletching
26:44 Bodkin Arrow
28:15 Squires
28:35 Padded Archer Armor
30:11 Ballistics
30:53 Gold Mining
32:19 Wheelbarrow
37:59 Imperial Age
39:01 Conscription
39:53 Chemistry
38:55 Bracer
40:55 Leather Archer Armor
41:04 Hand Cart
43:50 Ring Archer Armor
44:03 Elite Genoese Crossbowman
imbaMudi-
13:03 Feudal Age
13:40 Double-Bit Axe
16:56 Wheelbarrow
20:33 Forging
20:25 Scale Mail Armor
24:16 Castle Age
25:13 Gold Mining
25:37 Caravan
25:24 Pikeman
26:04 Squires
33:48 Bow Saw
36:10 Iron Casting
35:51 Chain Mail Armor
35:41 Scale Barding Armor
35:54 Chain Mail Armor
38:01 Hand Cart
39:47 Husbandry
44:22 Imperial Age
42:32 Scale Barding Armor
43:27 Gambesons
47:47 Cavalier
slimshady12
9:20 Loom
12:01 Feudal Age
15:39 Loom
17:59 Castle Age
16:27 Double-Bit Axe
16:27 Horse Collar
17:45 Gold Mining
23:06 Fletching
23:16 Padded Archer Armor
23:50 Elite Skirmisher
27:27 Bodkin Arrow
27:22 Pikeman
28:21 Scale Mail Armor
32:05 Forging
32:11 Chain Mail Armor
32:06 Forging
31:40 Man-at-Arms
36:48 Forging
36:23 Long Swordsman
39:20 Iron Casting
39:00 Chain Mail Armor
43:58 Heavy Plow
Connection lost

Rejoining the realm…

Still unreachable

The connection could not be restored.

Session expired

The server has moved on; the page needs a fresh start.